 Dungeon Crawl Stone Soup version 0.24-a0-639-gb70a11d811 (webtiles) character file.

Game seed: 8584264682028768047, levelgen mode: deterministic

27 ParadoxBlitz the Covered (level 2, -2/27 HPs)
             Began as a Minotaur Fighter on Sept 23, 2019.
             Slain by Natasha (6 damage)
             ... on level 2 of the Dungeon.
             The game lasted 00:19:17 (919 turns).

ParadoxBlitz the Covered (Minotaur Fighter)          Turns: 919, Time: 00:19:18

Health: -2/27      AC:  7    Str: 20    XL:     2   Next: 93%
Magic:  1/1        EV:  7    Int:  5    God:
Gold:   94         SH:  9    Dex:  9    Spells: 1/1 levels left

rFire    . . .     SeeInvis .   a - +0 war axe
rCold    . . .     Gourm    .   c - +0 shield
rNeg     . . .     Faith    .   b - +0 scale mail
rPois    .         Spirit   .   (helmet restricted)
rElec    .         Reflect  .   (no cloak)
rCorr    .         Harm     .   (no gloves)
MR       .....                  (no boots)
Stlth    ..........             h - amulet of the acrobat
HPRegen  0.09/turn              (no ring)
MPRegen  0.07/turn              (no ring)

@: slowed, very slow
A: retaliatory headbutt, horns 2
a: no special abilities


You were on level 2 of the Dungeon.
You were not hungry.

You visited 1 branch of the dungeon, and saw 2 of its levels.

You collected 94 gold pieces.

Inventory:

Hand Weapons
 a - a +0 war axe (weapon)
Missiles
 i - 19 stones (quivered)
Armour
 b - a +0 scale mail (worn)
 c - a +0 shield (worn)
Jewellery
 h - an amulet of the acrobat (around neck)
 m - an uncursed amulet of regeneration {unknown}
Scrolls
 e - 2 scrolls of amnesia
 g - a scroll of identify
Potions
 d - 3 potions of might
 k - 3 potions of curing
 l - a potion of agility {unknown}
Comestibles
 f - 4 rations
 j - 4 chunks of flesh


   Skills:
 + Level 3.9 Fighting
 * Level 3.2 Axes
 + Level 4.0 Armour
 + Level 3.9 Shields


You had one spell level left.
You didn't know any spells.
Your spell library was empty.

Dungeon Overview and Level Annotations

Branches:
Dungeon (2/15)

Altars:

Annotations:
D:2 Natasha


Innate Abilities, Weirdness & Mutations

You reflexively headbutt those who attack you in melee.
You have a pair of horns on your head.


Message History

The puff of frost hits you. You block Natasha's attack.
You block the white imp's attack. Natasha casts a spell at you.
You resist with significant effort.
You closely miss Natasha.
Natasha is moderately wounded.
You barely miss the white imp. You block the white imp's attack.
Natasha claws you.
The white imp hits you but does no damage.
Natasha claws you but does no damage.
You miss Natasha. Your headbutt misses Natasha.
Natasha is moderately wounded.
You hit the white imp but do no damage. The white imp gestures at you.
The puff of frost hits you!
* * * LOW HITPOINT WARNING * * *
You block Natasha's attack.
The white imp hits you but does no damage.
Natasha claws you.
You die...

.. #..#.# #. #..#.# #. #..#.#
#########<##..#.#
#.....%.#..#..#.#
#.......##.#..#.#
#.......##.#..#.#
##.......##.#.5#.#############
.........##.#@.#..............
........†...h..######......###
...##..........# #......# ..
#..........# #......# .
#.......#..# ##......##
#.#####.#..# #........# #.#
#+#..# #........# #.# .>.#
#........# #.# ..# #......).#


You could see Natasha and a white imp.

Vanquished Creatures
  An adder (D:2)
  A dart slug (D:1)
  5 goblins
  A hobgoblin (D:2)
  2 kobolds
  2 bats (D:1)
  A frilled lizard (D:1)
  4 rats
17 creatures vanquished.

Notes
Turn   | Place    | Note
-------+----------+-------------------------------------------
     0 | D:1      | ParadoxBlitz the Minotaur Fighter began the quest for the
                  | Orb.
     0 | D:1      | Reached XP level 1. HP: 19/19 MP: 0/0
   394 | D:1      | Reached XP level 2. HP: 24/27 MP: 1/1
   892 | D:2      | Reached skill level 4 in Armour
   903 | D:2      | Noticed Natasha
   919 | D:2      | Slain by Natasha

Levels and vault maps discovered:
D:1:      dpeg_arrival_water_temple_mockup, layout_basic
D:2:      layout_basic, first_ration, uniq_natasha

Skill      XL: |  1  2 |
---------------+-------+-----
Axes           | 3 |  3.2
Armour         | 4 |  4.0
Fighting       | |  3.9
Shields        | |  3.9

Action                   || total
-------------------------++-------
Melee: War axe           ||    47
       Headbutt          ||     2
  Use: Scroll            ||     3
Armor: Scale mail        ||    18
Dodge: Dodged            ||    17
Block: Shield            ||    20

Table legend:
 A = Non-vault XP
 B = Vault XP
 C = Vault XP percentage of total XP
 D = Non-vault monster count
 E = Vault monster count
 F = Vault count percentage of total count
                 A         B        C        D         E       F
            +---------+---------+-------+---------+---------+-------
      Total |      39 |       0 |   0.0 |      17 |       0 |   0.0
            +---------+---------+-------+---------+---------+-------
        D:1 |      19 |       0 |   0.0 |      11 |       0 |   0.0
        D:2 |      20 |       0 |   0.0 |       6 |       0 |   0.0
            +---------+---------+-------+---------+---------+-------
